 Dungeon Crawl Stone Soup version 0.26.0-16-gc1dbca0489 (webtiles) character file.

Game seed: 3978443872310383492

172 kaeus the Skirmisher (level 5, -4/46 HPs)
             Began as a Ghoul Fighter on Jan 19, 2021.
             Killed from afar by Jessica (5 damage)
             ... with a puff of flame
             ... on level 3 of the Dungeon.
             The game lasted 00:04:29 (1908 turns).

kaeus the Skirmisher (Ghoul Fighter)                Turns: 1908, Time: 00:04:30

Health: -4/46      AC:  6    Str: 21    XL:     5   Next: 53%
Magic:  4/4        EV:  7    Int: -1    God:
Gold:   92         SH:  9    Dex:  8    Spells: 4/4 levels left

rFire    . . .     SeeInvis .     - Unarmed
rCold    + . .     Faith    .   b - +0 kite shield
rNeg     + + +     Spirit   .   a - +0 scale mail
rPois    ∞         Reflect  .   (no helmet)
rElec    .         Harm     .   (no cloak)
rCorr    .         Rampage  .   (no gloves)
Will     +....                  (no boots)
Stlth    ..........             r - amulet of the acrobat
HPRegen  0.00/turn              q - ring of willpower (curse)
MPRegen  0.09/turn              t - -4 ring of intelligence (curse)

@: slowed, lost intelligence, very slow
A: claws 1, cold resistance 1, negative energy resistance 3, inhibited
regeneration, torment resistance, unbreathing
a: no special abilities


You were on level 3 of the Dungeon.
You visited 1 branch of the dungeon, and saw 3 of its levels.

You collected 92 gold pieces.

Inventory:

Armour
 a - a +0 scale mail (worn)
 b - a +0 kite shield (worn)
Jewellery
 f - an uncursed amulet of regeneration
 q - a cursed ring of willpower (left claw)
 r - an amulet of the acrobat (around neck)
 t - a cursed -4 ring of intelligence (right claw)
Scrolls
 d - 3 scrolls of magic mapping
 e - 2 scrolls of blinking {unknown}
 g - a scroll of identify
 h - a scroll of teleportation {unknown}
 k - a scroll of fog {unknown}
 m - a scroll of fear
 n - a scroll of noise {unknown}
Potions
 c - 2 potions of might
 i - 2 potions of lignification {unknown}
 j - a potion of brilliance {unknown}
 l - 5 potions of curing {unknown}
 o - a potion of heal wounds {unknown}
 p - 2 potions of flight {unknown}
 s - a potion of resistance {unknown}


   Skills:
 + Level 4.3 Fighting
 + Level 3.6 Armour
 + Level 3.6 Shields
 + Level 3.5 Unarmed Combat


You had 4 spell levels left.
You didn't know any spells.
Your spell library was empty.

Dungeon Overview and Level Annotations

Branches:
Dungeon (3/15)

Altars:
Kikubaaqudgha
The Shining One

Annotations:
D:3 Jessica


Innate Abilities, Weirdness & Mutations

You thrive by killing the living.
You are immune to poison.
You have sharp fingernails.
Your flesh is cold resistant. (rC+)
You are immune to negative energy. (rN+++)
You do not regenerate when monsters are visible.
You are immune to unholy pain and torment.
You can survive without breathing.


Message History

Jessica is severely wounded.
Jessica hits you but does no damage. x2
You scratch Jessica.
Jessica is severely wounded.
Jessica zaps a wand.
The puff of flame hits you.
* * * LOW HITPOINT WARNING * * *
Jessica barely misses you.
You scratch Jessica but do no damage.
Jessica is severely wounded.
You block Jessica's attack. x2
You closely miss Jessica.
Jessica is severely wounded.
Jessica closely misses you.
Jessica shouts, "I don't like beings like you!"
You block Jessica's attack.
Your shield and scale mail prevent you from hitting Jessica.
Jessica is severely wounded.
Jessica hits you but does no damage.
Jessica zaps a wand.
The puff of flame hits you.
You die...

+# .# ###.#####
#.......#
###)...##
#.@.....#
#@#.(...#
#.#.#.#.#.#
..###.#(#.§....
#......<..#.#.#
#####.#.###.# #
#.... . ######
##


You could see Jessica (fast).

Vanquished Creatures
  2 vampire bats (D:2)
  A gnoll (D:1)
  2 adders (D:2)
  4 dart slugs
  2 leopard geckos
  2 bat skeletons (D:2)
  3 bat zombies (D:2)
  7 hobgoblins
  A quokka (D:2)
  2 ball pythons
  9 bats
  4 frilled lizards
  11 goblins
  4 kobolds
  5 rats
59 creatures vanquished.

Notes
Turn   | Place    | Note
-------+----------+-------------------------------------------
     0 | D:1      | kaeus the Ghoul Fighter began the quest for the Orb.
     0 | D:1      | Reached XP level 1. HP: 19/19 MP: 0/0
    78 | D:1      | Reached XP level 2. HP: 24/26 MP: 1/1
   622 | D:1      | Reached XP level 3. HP: 31/31 MP: 2/2
   702 | D:1      | Found a glowing golden altar of the Shining One.
  1402 | D:2      | Reached XP level 4. HP: 40/40 MP: 3/3
  1408 | D:2      | Found an ancient bone altar of Kikubaaqudgha.
  1428 | D:2      | Reached skill level 4 in Fighting
  1464 | D:2      | Reached XP level 5. HP: 27/46 MP: 4/4
  1550 | D:2      | Lost intelligence.
  1889 | D:3      | Noticed Jessica
  1905 | D:3      | HP: 1/46 [Jessica/puff of flame (5)]
  1908 | D:3      | Killed from afar by Jessica

Illustrated notes

Levels and vault maps discovered:
D:1:      minmay_arrival_jagged, layout_basic, tso_metal_star
D:2:      layout_loops_ring, kennysheep_vampire_church, minmay_tetromino_o4
D:3:      wad_crossroads, layout_loops_corners,
          chequers_ecumenical_altar_twisty, grunt_gozag_statues, uniq_jessica

Skill      XL: |  1  2  3  4 |
---------------+-------------+-----
Armour         | 3 |  3.6
Shields        | 3 |  3.6
Unarmed Combat | 3 |  3.5
Fighting       | 4 |  4.3

Action                   |  1- 3 |  4- 6 || total
-------------------------+-------+-------++-------
Melee: Unarmed           |   121 |    93 ||   214
  Use: Scroll            |     2 |       ||     2
Armor: Scale mail        |    52 |    67 ||   119
Dodge: Dodged            |    40 |    55 ||    95
Block: Kite shield       |    61 |    67 ||   128
